 Dungeon Crawl Stone Soup version 0.23-a0-393-g6e9e0f2 (webtiles) character file.

23 iamserjio the Stinger (level 2, 1/15 HPs)
             Began as a Deep Elf Venom Mage on Oct 31, 2018.
             Quit the game on level 2 of the Dungeon.
             The game lasted 00:04:07 (593 turns).

iamserjio the Stinger (Deep Elf Venom Mage)          Turns: 593, Time: 00:04:08

Health: 1/15       AC:  2    Str:  5    XL:     2   Next: 75%
Magic:  7/8        EV: 13    Int: 19    God:
Gold:   79         SH:  0    Dex: 15    Spells: 4/7 levels left

rFire    . . .     SeeInvis .   (no weapon)
rCold    . . .     Gourm    .   (no shield)
rNeg     . . .     Faith    .   a - +0 robe
rPois    .         Spirit   .   (no helmet)
rElec    .         Reflect  .   (no cloak)
rCorr    .         Harm     .   (no gloves)
MR       .....                  (no boots)
Stlth    ++........             (no amulet)
HPRegen  0.05/turn              (no ring)
MPRegen  0.11/turn              (no ring)

@: lethally poisoned (1 -> -5)
A: no striking features
a: no special abilities


You were on level 2 of the Dungeon.
You were not hungry.

You visited 1 branch of the dungeon, and saw 2 of its levels.

You collected 79 gold pieces.

Inventory:

Hand Weapons
 h - a +0 dagger
 m - a +0 spear
Missiles
 d - 22 arrows
Armour
 a - a +0 robe (worn)
Scrolls
 e - 2 scrolls of remove curse {unknown}
 f - a scroll of identify {unknown}
 g - a scroll of blinking {unknown}
 k - 2 scrolls of amnesia {unknown}
 l - 2 scrolls of teleportation {unknown}
Potions
 b - a potion of berserk rage
 i - a potion of brilliance {unknown}
 j - a potion of flight {unknown}
Comestibles
 c - 4 rations


   Skills:
 + Level 2.8 Dodging
 - Level 2.4 Stealth
 + Level 3.3 Spellcasting
 * Level 2.1 Conjurations
 + Level 0.2 Air Magic
 + Level 3.5 Poison Magic


You had 4 spell levels left.
You knew the following spells:

 Your Spells              Type           Power        Failure   Level  Hunger
a - Sting                 Conj/Pois      ##..         4%          1    None
b - Poisonous Vapours     Pois/Air       ##....       11%         2    ##.....

Your spell library contained the following spells:

 Spells                   Type           Power        Failure   Level  Hunger
 Mephitic Cloud           Conj/Pois/Air  ##......     21%         3    ###....
 Olgreb's Toxic Radiance  Pois           ###.....     34%         4    ####...
 Venom Bolt               Conj/Pois      ##........   78%         5    ######.


Dungeon Overview and Level Annotations

Branches:
Dungeon (2/15)

Altars:


Message History

You are no longer poisoned.
You feel yourself speed up.
You recover from your berserk rage.
Found a ration.
Found a stone staircase leading down.
Found a club and 2 scrolls labeled VIMAUVUTES.
c - 4 rations (gained 1)
You see here a club.
k - 2 scrolls labeled VIMAUVUTES You see here a club.
An adder comes into view.
The adder hisses angrily.
Casting: Sting (safe; 4% risk of failure)
Aiming: Sting (safe; 4% risk of failure)
Aim: an adder The sting hits the adder.
The adder is poisoned.
The adder bites you.
* * * LOW HITPOINT WARNING * * *
You are lethally poisoned!
The adder poisons you!
Okay, then.
Okay, then.

#.# #.#
#.# #.#
#.# #.#
#.#
########.#
......S@.#
##########


You could see an adder.

Vanquished Creatures
  An adder (D:2)
  A bat (D:2)
  A giant cockroach (D:1)
  3 goblins (D:1)
  2 jackals (D:2)
  A kobold (D:1)
  A frilled lizard (D:1)
  4 rats (D:1)
14 creatures vanquished.

Notes
Turn   | Place    | Note
-------+----------+-------------------------------------------
     0 | D:1      | iamserjio the Deep Elf Venom Mage began the quest for the
                  | Orb.
     0 | D:1      | Reached XP level 1. HP: 10/10 MP: 6/6
   186 | D:1      | Reached XP level 2. HP: 14/15 MP: 0/8
   268 | D:2      | Learned a level 2 spell: Poisonous Vapours
   593 | D:2      | Quit the game

Vault maps used:
D:1:      grunt_arrival_lava_bath

Skill      XL: |  1  2 |
---------------+-------+-----
Conjurations   | 2 |  2.1
Dodging        | |  2.8
Stealth        | |  2.4
Spellcasting   | |  3.3
Air Magic      | |  0.2
Poison Magic   | |  3.5

Action                   || total
-------------------------++-------
 Cast: Sting             ||    30
       Poisonous Vapours ||     1
  Use: Potion            ||     1
Armor: Robe              ||     2
Dodge: Dodged            ||     3

Table legend:
 A = Non-vault XP
 B = Vault XP
 C = Vault XP percentage of total XP
 D = Non-vault monster count
 E = Vault monster count
 F = Vault count percentage of total count
                 A         B        C        D         E       F
            +---------+---------+-------+---------+---------+-------
      Total |      34 |       0 |   0.0 |      14 |       0 |   0.0
            +---------+---------+-------+---------+---------+-------
        D:1 |      15 |       0 |   0.0 |      10 |       0 |   0.0
        D:2 |      19 |       0 |   0.0 |       4 |       0 |   0.0
            +---------+---------+-------+---------+---------+-------
